 Dungeon Crawl Stone Soup version 0.26-a0-1181-gd376ed14c5 (webtiles) character file.

Game seed: 17566282115634858423

1859 wythoutpain the Fighter (level 9, -2/77 HPs)
             Began as a Gnoll Wanderer on Dec 26, 2020.
             Was a Believer of Okawaru.
             Slain by an orc warrior
             ... wielding a +0 trident
              (13 damage)
             ... on level 6 of the Dungeon.
             The game lasted 00:38:13 (7606 turns).

wythoutpain the Fighter (Gnoll Wanderer)            Turns: 7606, Time: 00:38:13

Health: -2/77      AC: 11    Str: 17    XL:     9   Next: 13%
Magic:  14/14      EV: 12    Int: 17    God:    Okawaru [**....]
Gold:   293        SH:  0    Dex: 13    Spells: 15/15 levels left

rFire    + . .     SeeInvis .   s - +1 trident
rCold    x . .     Faith    .   (no shield)
rNeg     . . .     Spirit   .   p - +1 ring mail
rPois    .         Reflect  .   j - +0 helmet
rElec    .         Harm     .   (no cloak)
rCorr    .         Rampage  .   e - +0 pair of gloves
Will     .....                  H - +0 pair of boots
Stlth    ++........             r - amulet of regeneration
HPRegen  0.62/turn              v - ring of fire
MPRegen  0.14/turn              (no ring)

@: no status effects
A: distributed training, fangs 1, strong nose
a: Renounce Religion, Heroism


You were on level 6 of the Dungeon.
You worshipped Okawaru.
Okawaru was pleased with you.
You visited 2 branches of the dungeon, and saw 8 of its levels.
You also visited: Sewer.

You collected 293 gold pieces.

Inventory:

Hand Weapons
 a - a +2 dagger
 s - a +1 trident (weapon)
 B - a +0 shortbow
 E - a +0 hunting sling
 F - a +0 flail
Missiles
 f - 215 stones
 g - 64 bolts
 h - 5 atropa-tipped darts
 i - 117 arrows
 n - 25 poisoned darts (quivered)
 D - 6 boomerangs
Armour
 e - a +0 pair of gloves (worn)
 j - a +0 helmet (worn)
 p - a +1 ring mail (worn)
 H - a +0 pair of boots (worn)
Jewellery
 r - an amulet of regeneration (around neck)
 v - a ring of fire (left hand)
Wands
 y - a wand of polymorph (7)
Scrolls
 o - 2 scrolls of remove curse
 q - 2 scrolls of fog
 t - a scroll of magic mapping
 u - a scroll of enchant weapon
 A - a scroll of identify
 C - 4 scrolls of teleportation
 I - a scroll of amnesia {unknown}
Potions
 b - a potion of haste
 c - 2 potions of curing
 d - 2 potions of lignification
 k - a potion of might
 l - 3 potions of berserk rage {unknown}
 m - 3 potions of brilliance {unknown}
 w - a potion of resistance {unknown}
 x - a potion of degeneration {unknown}
 z - a potion of magic {unknown}
 G - a potion of heal wounds {unknown}


   Skills:
 + Level 9.4 Fighting
 + Level 3.9 Short Blades
 + Level 3.9 Long Blades
 + Level 3.9 Axes
 + Level 4.7 Maces & Flails
 + Level 3.9 Polearms
 + Level 3.9 Staves
 + Level 3.9 Slings
 + Level 3.9 Bows
 + Level 3.9 Crossbows
 + Level 3.9 Throwing
 + Level 7.7 Armour
 + Level 3.9 Dodging
 + Level 4.6 Stealth
 + Level 4.7 Shields
 + Level 3.9 Unarmed Combat
 + Level 3.9 Spellcasting
 + Level 3.2 Conjurations
 + Level 3.2 Hexes
 + Level 3.2 Summonings
 + Level 3.2 Necromancy
 + Level 3.2 Translocations
 + Level 3.2 Transmutations
 + Level 3.2 Fire Magic
 + Level 3.2 Ice Magic
 + Level 3.2 Air Magic
 + Level 3.2 Earth Magic
 + Level 3.2 Poison Magic
 + Level 4.3 Invocations
 + Level 3.9 Evocations


You had 15 spell levels left.
You didn't know any spells.
Your spell library was empty.

Dungeon Overview and Level Annotations

Branches:
Dungeon (7/15)             Temple (1/1) D:5           Sewer (visited)

Altars:
Ashenzari
Cheibriados
Dithmenos
Elyvilon
Fedhas
Gozag
Hepliaklqana
Kikubaaqudgha
Makhleb
Nemelex Xobeh
Okawaru
Qazlal
Ru
Sif Muna
Trog
Uskayaw
Vehumet
Wu Jian
Xom
Yredelemnul
Zin
The Shining One


Innate Abilities, Weirdness & Mutations

Your experience applies equally to all skills.
You have very sharp teeth.
Your uncanny sense of smell can sniff out nearby items.


Message History

Things that are here:
a +3 battleaxe; a +0 robe You puncture the orc warrior!
The orc warrior is severely wounded.
The orc warrior hits you with a +0 trident.
* * * LOW HITPOINT WARNING * * *
You hit the orc warrior.
The orc warrior is almost dead.
The orc warrior hits you but does no damage.
You hit the orc warrior but do no damage.
The orc warrior is almost dead.
The orc warrior hits you but does no damage.
You closely miss the orc warrior.
The orc warrior is almost dead.
The orc warrior hits you but does no damage.
You closely miss the orc warrior.
You bite the orc warrior, but do no damage.
The orc warrior is almost dead.
The orc warrior hits you with a +0 trident!
You die...

#..#....#..#...#.....'....
#..#....'..#...#.....#....
#..#....#..#...#....<#....
########'##....##'##..#.....#..##
...................#'##.....##+##
...................#..#.....#....
...................#..#.....#....
................)).#..#.....#....
#############'#o@..#..##....#####
............#....#...'......)..
............#....#...#.........
............+....#...#.........
#####..#####....#####.........
#+######..##....#+###......##'#..
...........#....#...#......#..#..
...........#....#...#......#..#..
...........#....#...#......#..#..


You could see an orc warrior.

Vanquished Creatures
  A water moccasin (D:7)
  A sky beast (D:6)
  A phantom (D:6)
  A necrophage (D:6)
  An ogre (D:5)
  A centaur (D:6)
  5 big kobolds
  A bullfrog (D:6)
  A scorpion (D:5)
  3 wights (D:6)
  A howler monkey (D:4)
  2 orc priests
  A centaur skeleton (D:4)
  3 hounds
  An orc wizard (D:3)
  An iguana (D:6)
  3 worker ants
  A hound zombie (D:5)
  13 adders
  7 gnolls
  2 shadow imps (D:6)
  A white imp (D:7)
  An ufetubus (D:6)
  6 oozes
  4 worms
  4 dart slugs
  6 leopard geckos
  14 orcs
  7 ball pythons
  4 giant cockroaches
  6 goblins
  9 hobgoblins
  16 kobolds
  A quokka (D:4)
  7 bats
  3 frilled lizards
  A giant cockroach zombie (D:5)
  A quokka skeleton (D:5)
  A quokka zombie (D:5)
  5 rats
148 creatures vanquished.

Notes
Turn   | Place    | Note
-------+----------+-------------------------------------------
     0 | D:1      | wythoutpain the Gnoll Wanderer began the quest for the Orb.
     0 | D:1      | wythoutpain set off with the following items: a +2 dagger,
                  | a potion of haste, a +0 mace, a potion of lignification, a
                  | +0 robe
     0 | D:1      | Reached XP level 1. HP: 26/26 MP: 1/1
   136 | D:1      | Reached XP level 2. HP: 23/33 MP: 2/2
   822 | D:2      | Reached XP level 3. HP: 31/38 MP: 2/4
   841 | D:1      | Reached skill level 1 in Invocations
  1098 | D:2      | Reached skill level 1 in Short Blades
  1098 | D:2      | Reached skill level 1 in Long Blades
  1098 | D:2      | Reached skill level 1 in Axes
  1098 | D:2      | Reached skill level 1 in Polearms
  1098 | D:2      | Reached skill level 1 in Staves
  1098 | D:2      | Reached skill level 1 in Slings
  1098 | D:2      | Reached skill level 1 in Bows
  1098 | D:2      | Reached skill level 1 in Crossbows
  1098 | D:2      | Reached skill level 1 in Throwing
  1098 | D:2      | Reached skill level 1 in Dodging
  1098 | D:2      | Reached skill level 1 in Unarmed Combat
  1098 | D:2      | Reached skill level 1 in Spellcasting
  1098 | D:2      | Reached skill level 1 in Evocations
  1107 | D:1      | Reached XP level 4. HP: 22/45 MP: 5/5
  1549 | D:2      | Reached skill level 1 in Conjurations
  1549 | D:2      | Reached skill level 1 in Hexes
  1549 | D:2      | Reached skill level 1 in Summonings
  1549 | D:2      | Reached skill level 1 in Necromancy
  1549 | D:2      | Reached skill level 1 in Translocations
  1549 | D:2      | Reached skill level 1 in Transmutations
  1549 | D:2      | Reached skill level 1 in Fire Magic
  1549 | D:2      | Reached skill level 1 in Ice Magic
  1549 | D:2      | Reached skill level 1 in Air Magic
  1549 | D:2      | Reached skill level 1 in Earth Magic
  1549 | D:2      | Reached skill level 1 in Poison Magic
  1903 | D:2      | Reached XP level 5. HP: 43/51 MP: 6/6
  2335 | D:3      | Found a shimmering altar of Xom.
  3579 | D:4      | Reached XP level 6. HP: 44/57 MP: 8/8
  4181 | D:5      | Entered Level 5 of the Dungeon
  4250 | D:5      | Found a staircase to the Ecumenical Temple.
  4339 | D:5      | Reached XP level 7. HP: 57/63 MP: 10/10
  5122 | Temple   | Entered the Ecumenical Temple
  5278 | Temple   | Became a worshipper of Warmaster Okawaru
  5891 | D:6      | Reached skill level 9 in Fighting
  5934 | D:6      | Found a glowing drain.
  5953 | Sewer    | Entered a sewer
  6223 | Sewer    | Reached XP level 8. HP: 71/71 MP: 12/12
  6469 | Sewer    | Reached * piety under Okawaru
  6864 | D:6      | You fall into a shaft and drop 1 floor!
  7338 | D:6      | Reached ** piety under Okawaru
  7392 | D:6      | Reached XP level 9. HP: 73/76 MP: 14/14
  7599 | D:6      | HP: 2/77 [orc warrior/+0 trident (12)]
  7606 | D:6      | Slain by an orc warrior

Illustrated notes

Levels and vault maps discovered:
D:1:      dpeg_arrival_leaves_temple_mockup, layout_basic, amethyst_killhole
D:2:      layout_loops_ring, minmay_misc_feat_nine_boxes, corexii_corridor_pit
D:3:      layout_basic, kennysheep_another_room, tgw_xom
D:4:      layout_basic
D:5:      layout_layer_cave, minmay_temple_entry_proselytizer
D:6:      layout_gridville, portal_sewer_entry_b
D:7:      layout_cave_pools, serial_column_ruins, column_ruins_hut_ruined,
          column_ruins_hut_ruined, column_ruins_columns_straight,
          column_ruins_columns_straight, column_ruins_columns_corner,
          column_ruins_open_medium, column_ruins_grid_3
Temple:   kilobyte_greek_temple

Skill      XL: |  1  2  3  4  5  6  7  8 |
---------------+-------------------------+-----
Invocations    | 1 2 3 4 |  4.3
Short Blades   | 1 2 3 |  3.9
Long Blades    | 1 2 3 |  3.9
Axes           | 1 2 3 |  3.9
Polearms       | 1 2 3 |  3.9
Staves         | 1 2 3 |  3.9
Slings         | 1 2 3 |  3.9
Bows           | 1 2 3 |  3.9
Crossbows      | 1 2 3 |  3.9
Throwing       | 1 2 3 |  3.9
Dodging        | 1 2 3 |  3.9
Unarmed Combat | 1 2 3 |  3.9
Spellcasting   | 1 2 3 |  3.9
Evocations     | 1 2 3 |  3.9
Conjurations   | 1 2 3 |  3.2
Hexes          | 1 2 3 |  3.2
Summonings     | 1 2 3 |  3.2
Necromancy     | 1 2 3 |  3.2
Translocations | 1 2 3 |  3.2
Transmutations | 1 2 3 |  3.2
Fire Magic     | 1 2 3 |  3.2
Ice Magic      | 1 2 3 |  3.2
Air Magic      | 1 2 3 |  3.2
Earth Magic    | 1 2 3 |  3.2
Poison Magic   | 1 2 3 |  3.2
Maces & Flails | 3 4 |  4.7
Shields        | 3 4 |  4.7
Stealth        | 3 4 |  4.6
Armour         | 7 |  7.7
Fighting       | 9 |  9.4

Action                   |  1- 3 |  4- 6 |  7- 9 || total
-------------------------+-------+-------+-------++-------
Melee: Dagger            |    85 |   266 |       ||   351
       Bite              |     9 |    22 |    43 ||    74
       Punch             |       |     1 |     3 ||     4
       Trident           |       |    32 |   486 ||   518
  Use: Scroll            |     2 |     7 |     2 ||    11
       Potion            |       |       |     7 ||     7
 Stab: Sleeping          |       |     3 |     5 ||     8
       Distracted        |       |       |     1 ||     1
Armor: Robe              |     9 |       |       ||     9
       Ring mail         |    28 |   114 |   186 ||   328
       Leather armour    |     4 |       |       ||     4
       Skin              |       |       |    39 ||    39
Dodge: Dodged            |    64 |   156 |   264 ||   484

Table legend: (Time is in decaauts)
 A = Elapsed time spent in this place.
 B = Non-inter-level travel time spent in this place.
 C = Inter-level travel time spent in this place.
 D = Time resting spent in this place.
 E = Time spent auto-exploring this place.
 F = Levels seen in this place.
 G = Mean time per level.
                   A        B        C        D        E       F      G
               +--------+--------+--------+--------+--------+-----+--------+
         Total |   7827 |   7487 |    340 |    526 |   5159 |   9 |  869.7 |
       Dungeon |   6670 |   6380 |    290 |    526 |   4538 |   7 |  952.9 |
        Temple |    186 |    136 |     50 |      0 |    134 |   1 |  186.0 |
         Sewer |    970 |    970 |      0 |      0 |    486 |   1 |  970.0 |
               +--------+--------+--------+--------+--------+-----+--------+

Top non-repeatable levels by time:
     D:5: 1317 daAuts
     D:3: 1273 daAuts
     D:1: 1224 daAuts
     D:2: 1050 daAuts
   Sewer: 970 daAuts
     D:6: 875 daAuts
     D:4: 732 daAuts
     D:7: 197 daAuts
  Temple: 186 daAuts
